 Dungeon Crawl Stone Soup version 0.30-a0-12-gd8047c6341 (webtiles) character file.

Game seed: 1875830482467201052

1792 Flugkiller the Cleaver (level 8, -7/74 HPs)
             Began as a Minotaur Fighter on Aug 23, 2022.
             Mangled by a gnoll
             ... wielding a +2 halberd of venom
             ... led by a gnoll bouda
              (11 damage)
             ... on level 6 of the Dungeon.
             The game lasted 00:02:26 (5740 turns).

Flugkiller the Cleaver (Minotaur Fighter)           Turns: 5740, Time: 00:02:27

Health: -7/74      AC:  8    Str: 22    XL:     8   Next: 82%
Magic:  7/7        EV:  9    Int:  5    God:
Gold:   307        SH:  5    Dex: 11    Spells: 7/7 levels left

rFire   . . .      SeeInvis .    a - +0 war axe
rCold   . . .      Faith    .    c - +1 buckler
rNeg    . . .      Spirit   .    b - +0 scale mail
rPois   .          Reflect  .    (helmet restricted)
rElec   .          Harm     .    (no cloak)
rCorr   .          Rampage  .    (no gloves)
Will    .....                    (no boots)
Stlth   ..........               (no amulet)
HPRegen 0.22/turn                (no ring)
MPRegen 0.10/turn                (no ring)

@: about to teleport, weakened
A: horns 2, retaliatory headbutt
a: no special abilities


You were on level 6 of the Dungeon.
You visited 1 branch of the dungeon, and saw 6 of its levels.

You collected 307 gold pieces.

Inventory:

Hand Weapons
 a - a +0 war axe (weapon)
Missiles
 p - a throwing net (quivered)
Armour
 b - a +0 scale mail (worn)
 c - a +1 buckler (worn)
Wands
 n - a wand of roots (9)
   (You took it off Sigmund on level 2 of the Dungeon)
Scrolls
 j - a scroll of enchant armour
 l - a scroll of butterflies
 t - 3 scrolls of teleportation
Potions
 d - a potion of might
 e - a potion of cancellation
 g - 2 potions of haste {unknown}
 h - a potion of flight {unknown}
 i - 3 potions of degeneration {unknown}
 k - a potion of attraction
 m - a potion of lignification {unknown}
 o - 3 potions of heal wounds {unknown}
 q - 4 potions of curing
 s - a potion of resistance {unknown}


   Skills:
 + Level 7.7 Fighting
 * Level 10.0 Axes
 + Level 7.7 Armour
 - Level 3.6 Shields


You had 7 spell levels left.
You didn't know any spells.
Your spell library was empty.

Dungeon Overview and Level Annotations

Branches:
Dungeon (6/15)             Temple (0/1) D:6

Altars:
Ashenzari
Fedhas
Nemelex Xobeh
Wu Jian
Xom


Innate Abilities, Weirdness & Mutations

You have a pair of horns on your head.
You reflexively headbutt those who attack you in melee.


Message History

You hear some strange, mumbled words.
Something tries to affect you, but you resist.
There is an open door, spattered with blood here.
You bump into the rock wall.
Found a silvery potion.
You miss something. Your headbutt misses something.
You hear some strange, mumbled words.
Something tries to affect you, but you resist.
You miss something. Something hits you.
You slice something!!
Reactivating autopickup.
You feel a bit more experienced.
A troll comes into view.
You feel less confused.
The troll shouts!
Things that are here:
a +0 dagger; a +0 robe
Found a scroll labelled YSMOMO DOCA.
Found a staircase to the Ecumenical Temple.
There is a stone staircase leading down here.
There is a stone staircase leading up here.
You climb upwards.
There is a stone staircase leading down here.
You start resting.
HP restored.
There is a stone staircase leading up here.
There is a stone staircase leading down here.
You climb downwards.
The gnoll shouts!
The water moccasin hisses angrily.
A gnoll comes into view. It is wielding a +2 halberd of venom.
Found 8 stones and a ring mail.
There is a stone staircase leading up here.
Unknown command.
There are monsters nearby!
The water moccasin barely misses you. You block the water moccasin's attack.
You slash the water moccasin!
The water moccasin is moderately wounded.
The water moccasin bites you.
You miss the water moccasin.
The water moccasin is moderately wounded.
You block the water moccasin's attack.
You closely miss the water moccasin.
Your headbutt misses the water moccasin.
The water moccasin is moderately wounded.
The water moccasin bites you. The water moccasin barely misses you.
You miss the water moccasin.
The water moccasin is moderately wounded.
The water moccasin bites you but does no damage.
The gnoll hits you but does no damage.
You miss the water moccasin.
The water moccasin is moderately wounded.
The water moccasin bites you.
You are poisoned.
The water moccasin poisons you!
A gnoll bouda comes into view. It is wielding a +0 whip.
The gnoll closely misses you.
The gnoll hits you from afar with a +0 spear.
The water moccasin bites you.
You miss the water moccasin.
The water moccasin is lightly wounded.
You feel very sick. The water moccasin bites you.
You are more poisoned.
The water moccasin poisons you! The gnoll barely misses you.
The gnoll hits you from afar with a +2 halberd of venom!
The gnoll bouda barks out a call to the hunt!
The gnolls pick up the pace!
You slash the water moccasin!
The water moccasin is heavily wounded.
You feel very sick. The water moccasin misses you. The gnoll misses you.
The gnoll barely misses you. You block the water moccasin's attack.
You slash the water moccasin!
You kill the water moccasin!
You feel very sick.
The gnoll hits you from afar with a +2 halberd of venom!
* * * LOW HITPOINT WARNING * * *
You are lethally poisoned!
The gnoll hits you but does no damage.
A gnoll comes into view. It is wielding a +0 flail.
Your Axes skill increases to level 10!
You are too injured to fight recklessly!
* * * LOW HITPOINT WARNING * * *
You feel extremely sick.
The gnoll bouda gazes fiercely through you!
You feel your attacks grow feeble.
It was a potion of curing.
You feel better.
q - 4 potions of curing;
l - a scroll of butterflies The gnoll closely misses you.
The gnoll hits you from afar with a +0 spear!
* * * LOW HITPOINT WARNING * * *
A gnoll comes into view. It is wielding a +0 club.
As you read the scroll of teleportation, it crumbles to dust.
You feel strangely unstable.
The gnoll shouts!
You hear a shout!
The gnoll hits you from afar with a +0 spear.
* * * LOW HITPOINT WARNING * * *
The gnoll hits you from afar with a +2 halberd of venom!
You die...

#.... ##+### #.[..
....# #.... ....#
#.... ....# #...
#...# #
.###...###...##...
........g.........
...(ggg.g.@.......
.......<..........
##################


You could see a gnoll bouda and 4 gnolls.

Vanquished Creatures
  Sigmund (D:2)
  2 water moccasins (D:6)
  An ice beast (D:3)
  A black bear (D:5)
  2 phantoms
  A bullfrog (D:6)
  A water moccasin zombie (D:4)
  2 scorpions (D:4)
  6 necrophages (D:4)
  2 hounds (D:4)
  A bullfrog zombie (D:4)
  A jelly (D:4)
  2 orc priests
  4 orc wizards
  An iguana (D:6)
  4 gnolls
  6 adders
  An ufetubus (D:6)
  2 worms
  2 dart slugs (D:2)
  8 orcs
  9 ball pythons
  7 endoplasms
  3 giant cockroaches
  6 hobgoblins
  2 jackals (D:2)
  10 kobolds
  5 quokkas
  5 bats
  4 frilled lizards
  4 goblins
  6 rats
  4 bushes (D:4)
116 creatures vanquished.

Vanquished Creatures (others)
  11 plants (D:4)
11 creatures vanquished.

Grand Total: 127 creatures vanquished

Notes
Turn   | Place    | Note
-------+----------+-------------------------------------------
     0 | D:1      | Flugkiller the Minotaur Fighter began the quest for the
                  | Orb.
     0 | D:1      | Reached XP level 1. HP: 19/19 MP: 0/0
   265 | D:1      | Reached skill level 3 in Axes
   265 | D:1      | Reached XP level 2. HP: 27/27 MP: 1/1
   337 | D:1      | Found a faded altar of an unknown god.
   980 | D:2      | Reached XP level 3. HP: 33/33 MP: 2/2
  1121 | D:2      | Identified the +0 ring mail "Ucahe" {Will++}
  1317 | D:2      | Reached skill level 4 in Axes
  1452 | D:2      | Reached XP level 4. HP: 41/41 MP: 3/3
  1596 | D:2      | Noticed Sigmund
  1600 | D:2      | Killed Sigmund
  1601 | D:2      | Reached skill level 5 in Fighting
  1601 | D:2      | Reached skill level 5 in Axes
  1601 | D:2      | Reached XP level 5. HP: 34/48 MP: 4/4
  2048 | D:2      | Reached skill level 5 in Armour
  2826 | D:3      | Reached XP level 6. HP: 48/56 MP: 5/5
  3019 | D:3      | Found a shimmering altar of Xom.
  3085 | D:3      | Reached skill level 6 in Axes
  3153 | D:3      | Found an ornate altar of the Wu Jian Council.
  3193 | D:3      | Noticed an ice beast
  3206 | D:3      | Killed an ice beast
  3500 | D:3      | Reached XP level 7. HP: 57/62 MP: 6/6
  3841 | D:4      | Reached skill level 7 in Axes
  4243 | D:4      | Found a blossoming altar of Fedhas.
  4467 | D:4      | Reached skill level 8 in Axes
  4472 | D:4      | Reached XP level 8. HP: 34/71 MP: 7/7
  4693 | D:5      | Entered Level 5 of the Dungeon
  4694 | D:5      | Found a sparkling altar of Nemelex Xobeh.
  4917 | D:5      | Reached skill level 9 in Axes
  5255 | D:5      | Found a broken altar of Ashenzari.
  5486 | D:6      | Noticed a troll
  5500 | D:6      | Found a staircase to the Ecumenical Temple.
  5738 | D:6      | Reached skill level 10 in Axes
  5740 | D:6      | Mangled by a gnoll

Illustrated notes

Levels and vault maps discovered:
D:1:      erik_arrival_blinker_ship, layout_basic, shapermc_ecumenical_altar_gd
D:2:      layout_basic, hangedman_decor_peaks_small, minmay_quantized,
          uniq_sigmund
D:3:      layout_rooms, nicolae_wu_jian_wuxing_cycle, overflow_temple_1_default
D:4:      layout_rooms, fedhas_altar_decomposition, minivault_27
D:5:      layout_cave_pools, mainiacjoe_overflow_small_starburst,
          mainiacjoe_overflow_alcove_1
D:6:      layout_gridville, general_overflow_altar, grunt_gozag_statues,
          makhleb_grotto_becter, uniq_maggie, uniq_prince_ribbit1

Skill      XL: |  1  2  3  4  5  6  7  8 |
---------------+-------------------------+-----
Axes           | 3 4 5 6 8 10 | 10.0
Armour         | 4 5 6 7 |  7.7
Fighting       | 4 5 6 7 |  7.7
Shields        | |  3.6

Action                   |  1- 3 |  4- 6 |  7- 9 || total
-------------------------+-------+-------+-------++-------
Melee: War axe           |    86 |    84 |   139 ||   309
       Headbutt          |    11 |    18 |    25 ||    54
  Use: Potion            |       |     1 |     1 ||     2
       Scroll            |       |       |     6 ||     6
Armor: Scale mail        |    54 |    38 |    67 ||   159
Dodge: Dodged            |    38 |    28 |    60 ||   126
Block: Buckler           |    27 |    10 |    26 ||    63

Table legend: (Time is in decaauts)
 A = Elapsed time spent in this place.
 B = Non-inter-level travel time spent in this place.
 C = Inter-level travel time spent in this place.
 D = Time resting spent in this place.
 E = Time spent auto-exploring this place.
 F = Levels seen in this place.
 G = Mean time per level.
                   A        B        C        D        E       F      G
               +--------+--------+--------+--------+--------+-----+--------+
         Total |   5814 |   5603 |    211 |   1077 |   3727 |   6 |  969.0 |
       Dungeon |   5814 |   5603 |    211 |   1077 |   3727 |   6 |  969.0 |
               +--------+--------+--------+--------+--------+-----+--------+

Top non-repeatable levels by time:
     D:2: 1798 daAuts
     D:3: 1101 daAuts
     D:4: 946 daAuts
     D:1: 916 daAuts
     D:5: 809 daAuts
     D:6: 243 daAuts
